 Dungeon Crawl Stone Soup version 0.28.0 (webtiles) character file.

Game seed: 1643614726112693997

623 GrayStillPlays the Skirmisher (level 7, -3/55 HPs)
             Began as a Demonspawn Fighter on Feb 13, 2022.
             Was an Initiate of Jiyva.
             Slain by a killer bee (4 damage)
             ... on level 5 of the Dungeon.
             The game lasted 00:06:22 (5466 turns).

GrayStillPlays the Skirmisher (Demonspawn Fighter)  Turns: 5466, Time: 00:06:23

Health: -3/55      AC: 20    Str: 16 (18) XL:     7   Next: 22%
Magic:  7/7        EV:  9    Int:  9 (10) God:    Jiyva [......]
Gold:   165        SH:  4    Dex: 10 (12) Spells: 6/6 levels left

rFire   . . .      SeeInvis .   a - +0 war axe {axe}
rCold   . . .      Faith    .   c - +0 buckler
rNeg    . . .      Spirit   .   b - +0 scale mail
rPois   +          Reflect  .   l - +0 helmet
rElec   .          Harm     .   (no cloak)
rCorr   .          Rampage  .   (no gloves)
Will    .....                   (no boots)
Stlth   ..........              i - amulet of magic regeneration {@e2}
HPRegen 0.18/turn               h - ring of flight
MPRegen 0.60/turn               u - ring of poison resistance

@: brilliant, lethally poisoned (-3 -> -5), sanguine armoured, attractive,
flying
A: demonic guardian 1, magic regeneration, sanguine armour 3
a: Renounce Religion


You were on level 5 of the Dungeon.
You worshipped Jiyva.
Jiyva was noncommittal.
You visited 2 branches of the dungeon, and saw 6 of its levels.

You collected 165 gold pieces.


Innate Abilities, Weirdness & Mutations

A weak demonic guardian rushes to your aid.
You regenerate magic rapidly.
When seriously injured, your blood forms very thick armour. (AC +12)


   Skills:
 + Level 4.8 Fighting
 + Level 3.9 Axes
 + Level 4.4 Armour
 + Level 4.4 Shields


You had 6 spell levels left.
You didn't know any spells.
Your spell library contained the following spells:

 Spells                   Type           Power      Damage    Failure   Level
 Animate Skeleton         Necr           0%         N/A       87%         1
 Apportation              Tloc           0%         N/A       87%         1
 Beastly Appendage        Tmut           0%         N/A       87%         1
 Summon Small Mammal      Summ           0%         N/A       87%         1
 Wereblood                Tmut           0%         N/A       95%         2
 Spider Form              Tmut/Pois      0%         N/A       99%         3

Inventory:

Hand Weapons
 a - a +0 war axe (weapon) {axe}
 n - a +3 dagger {short}
   (You took it off a goblin on level 2 of the Dungeon)
 B - a +3 whip of freezing {mace}
   (You took it off an orc on level 4 of the Dungeon)
 G - a +1 dagger of speed {short}
   (You took it off an orc on level 4 of the Dungeon)
Missiles
 e - 48 sling bullets
 g - 173 stones (quivered) {throwing}
 s - 7 poisoned darts {throwing}
 t - 43 arrows
 x - 3 boomerangs {throwing}
 z - 45 bolts
 D - 2 boomerangs of dispersal {=f!fthrowing}
Armour
 b - a +0 scale mail (worn)
 c - a +0 buckler (worn)
 l - a +0 helmet (worn)
   (You took it off Robin on level 2 of the Dungeon)
 o - a +2 robe of fire resistance
   (You took it off Jessica on level 2 of the Dungeon)
 C - a +0 ring mail
   (You took it off an orc on level 4 of the Dungeon)
 E - a +1 leather armour of fire resistance
   (You took it off an orc on level 4 of the Dungeon)
Jewellery
 h - a ring of flight (left hand)
   (You found it on level 1 of the Dungeon)
 i - an amulet of magic regeneration (around neck) {@e2}
   (You found it on level 1 of the Dungeon)
 u - a ring of poison resistance (right hand)
   (You found it on level 3 of the Dungeon)
 v - a ring of resist corrosion
   (You found it on level 3 of the Dungeon)
 F - a +6 ring of intelligence
   (You found it on level 4 of the Dungeon)
Scrolls
 f - a scroll of enchant armour {unknown}
 k - 2 scrolls of magic mapping {unknown}
 r - a scroll of immolation {unknown}
 w - a scroll of identify {unknown}
 y - 2 scrolls of teleportation {unknown}
Potions
 d - a potion of might
 j - 2 potions of cancellation
 p - 3 potions of flight
 A - a potion of degeneration {!q@e2}

Dungeon Overview and Level Annotations

Branches:
Dungeon (5/15)             Temple (1/1) D:4

Altars:
Kikubaaqudgha
Makhleb
Nemelex Xobeh
Okawaru
Qazlal
Xom
Yredelemnul
Zin
The Shining One
Jiyva

Annotations:
D:2 1 runed translucent door, Crazy Yiuf
D:4 2 transporters

## .....# #...
.....# .....
.....# ####......
.....#
####.@yy.....
.....#
#####...!###.....
.....###)....####
...
..........#### .
........###
.....#### ....##
....########
............


You could see 2 killer bees.


Message History

You slash the killer bee!
You kill the killer bee!
The killer bee barely misses you.
The killer bee stings you but does no damage.
You closely miss the killer bee. You block the killer bee's attack.
The killer bee stings you.
* * * LOW HITPOINT WARNING * * *
The killer bee stings you!
* * * LOW HITPOINT WARNING * * *
😱 HP[-8]
You take 8 damage, and now have 13/55 hp.
You hit the killer bee but do no damage.
The killer bee stings you but does no damage. x2
The killer bee stings you.
* * * LOW HITPOINT WARNING * * *
😱 HP[-2]
You take 2 damage, and now have 11/55 hp.
You closely miss the killer bee. You block the killer bee's attack.
The killer bee stings you but does no damage.
You barely miss the killer bee. The killer bee stings you.
* * * LOW HITPOINT WARNING * * *
A demonic guardian appears!
The killer bee completely misses you.
The killer bee stings you but does no damage. 😱 HP[-3]
You take 3 damage, and now have 8/55 hp.
You closely miss the killer bee. You block the killer bee's attack.
The killer bee stings you but does no damage.
Your white imp hits the killer bee.
Your white imp freezes the killer bee.
You block the killer bee's attack.
You closely miss the killer bee. The killer bee barely misses you.
The killer bee completely misses you.
Your white imp gestures at the killer bee.
The puff of frost hits the killer bee. 😱 HP[+1]
You closely miss the killer bee.
The killer bee stings you but does no damage.
The killer bee barely misses you.
Your white imp closely misses the killer bee.
The killer bee barely misses you.
Your white imp gestures at the killer bee.
The puff of frost hits the killer bee!
You slash the killer bee! You block the killer bee's attack.
The killer bee stings your white imp.
Your white imp is poisoned.
The killer bee poisons your white imp! You block the killer bee's attack.
The killer bee stings your white imp!
Your white imp dies!
Your white imp disappears in a puff of smoke!
The killer bee stings you but does no damage.
You miss the killer bee.
The killer bee buzzes angrily.
The killer bee stings you but does no damage. x2
You miss the killer bee.
The killer bee stings you but does no damage.
The killer bee closely misses you. The killer bee stings you.
* * * LOW HITPOINT WARNING * * *
You closely miss the killer bee. You block the killer bee's attack.
The killer bee stings you.
* * * LOW HITPOINT WARNING * * *
You are lethally poisoned!
The killer bee poisons you! The killer bee stings you.
* * * LOW HITPOINT WARNING * * *
Jiyva gurgles merrily. 😱 HP[-3]
You take 3 damage, and now have 6/55 hp.
It was a potion of cancellation.
You feel magically purged.
* * * LOW HITPOINT WARNING * * *
You feel sick.
The killer bee stings you but does no damage.
The killer bee closely misses you. 😱 HP[-2]
You take 2 damage, and now have 4/55 hp.
It was a potion of flight.
You feel more buoyant.
* * * LOW HITPOINT WARNING * * *
You feel sick.
The killer bee stings you but does no damage.
The killer bee closely misses you. 😱 HP[-1]
You take 1 damage, and now have 3/55 hp.
It was a potion of degeneration.
There was something very wrong with that liquid.
You feel weakened.
You feel dopey.
You feel clumsy.
* * * LOW HITPOINT WARNING * * *
You feel sick. The killer bee closely misses you.
The killer bee barely misses you. 😱 HP[-1]
You take 1 damage, and now have 2/55 hp.
It was a potion of attraction.
You feel attractive to monsters.
* * * LOW HITPOINT WARNING * * *
You feel sick.
The killer bee stings you but does no damage. x2
It was a potion of brilliance.
You feel clever all of a sudden.
* * * LOW HITPOINT WARNING * * *
You feel sick.
The killer bee stings you but does no damage.
The killer bee stings you.
You die...

Skill      XL: |  1  2  3  4  5  6 |
---------------+-------------------+-----
Axes           | 2 3 |  3.9
Shields        | 3 4 |  4.4
Armour         | 3 4 |  4.4
Fighting       | 4 |  4.8

Action                   |  1- 3 |  4- 6 |  7- 9 || total
-------------------------+-------+-------+-------++-------
Melee: War axe           |   110 |   139 |    53 ||   302
  Use: Potion            |       |       |     5 ||     5
Armor: Scale mail        |    60 |    65 |    43 ||   168
Dodge: Dodged            |    53 |    58 |    45 ||   156
Block: Buckler           |    31 |    38 |    17 ||    86

Levels and vault maps discovered:
D:1:      sevenhm_arrival_forest_fort_large_2, layout_loops_ring,
          ebering_ecumenical_altar_mist, st_stairs_8, minmay_tromino_i2
D:2:      layout_basic, minmay_distorted, uniq_sigmund, uniq_robin,
          uniq_jessica, uniq_crazy_yiuf_cottage
D:3:      layout_loops_ring, mainiacjoe_overflow_large_starburst
D:4:      gammafunk_wand_slinger, layout_basic, mainiacjoe_overflow_alcove_1,
          mainiacjoe_overflow_surrounded_room, kennysheep_mini,
          minmay_temple_entry_ruins
D:5:      corexii_shantytown, layout_cave_pods, serial_shops, shop, uniq_pikel
Temple:   pf_slime_end_temple

Notes
Turn   | Place    | Note
-------+----------+-------------------------------------------
     0 | D:1      | GrayStillPlays the Demonspawn Fighter began the quest for
                  | the Orb.
     0 | D:1      | Reached XP level 1. HP: 18/18 MP: 1/1
     0 | D:1      | magus.rc [v1.9.6]
   259 | D:1      | Reached skill level 2 in Axes
   259 | D:1      | Gained mutation: When seriously injured, your blood forms
                  | armour. (AC +12) [demonic ancestry]
   259 | D:1      | Reached XP level 2. HP: 16/24 MP: 2/2
   390 | D:1      | Found a faded altar of an unknown god.
   575 | D:1      | Reached skill level 3 in Shields
   662 | D:1      | Reached skill level 3 in Armour
   777 | D:1      | Reached XP level 3. HP: 28/29 MP: 3/3
  1199 | D:2      | Noticed Robin
  1222 | D:2      | HP: 7/29 [goblin[Robin] (2)]
  1223 | D:2      | HP: 3/29 [goblin[Robin] (4)]
  1507 | D:2      | Killed Robin
  1518 | D:2      | HP: 7/29 [goblin[Robin] (1)]
  1981 | D:2      | Noticed Jessica
  1992 | D:2      | Killed Jessica
  1993 | D:2      | Gained mutation: When seriously injured, your blood forms
                  | thick armour. (AC +12) [demonic ancestry]
  1993 | D:2      | Reached XP level 4. HP: 24/36 MP: 4/4
  2151 | D:2      | Noticed Sigmund
  2161 | D:2      | Killed Sigmund
  2162 | D:2      | Reached skill level 4 in Fighting
  2162 | D:2      | Reached skill level 3 in Axes
  2162 | D:2      | Gained mutation: When seriously injured, your blood forms
                  | very thick armour. (AC +12) [demonic ancestry]
  2162 | D:2      | Reached XP level 5. HP: 22/42 MP: 5/5
  2564 | D:2      | Found a runed translucent door.
  2565 | D:2      | Noticed Crazy Yiuf
  2768 | D:2      | You pick up a book of Cantrips and begin reading...
  2768 | D:2      | You add the spells Animate Skeleton, Summon Small Mammal
                  | and Apportation to your library.
  3270 | D:3      | Gained mutation: A weak demonic guardian rushes to your
                  | aid. [demonic ancestry]
  3270 | D:3      | Reached XP level 6. HP: 48/48 MP: 6/6
  3302 | D:3      | Reached skill level 4 in Shields
  3457 | D:3      | You pick up a book of Changes and begin reading...
  3457 | D:3      | You add the spells Beastly Appendage, Wereblood and Spider
                  | Form to your library.
  3483 | D:3      | Found a burning altar of Makhleb.
  3532 | D:3      | Reached skill level 4 in Armour
  4270 | D:4      | Found a transporter.
  4270 | D:4      | Found a transporter.
  4663 | D:4      | Found a stormy altar of Qazlal.
  4676 | D:4      | Gained mutation: You regenerate magic rapidly. [demonic
                  | ancestry]
  4676 | D:4      | Reached XP level 7. HP: 52/55 MP: 7/7
  4783 | D:4      | Found an ancient bone altar of Kikubaaqudgha.
  4996 | D:4      | Found a staircase to the Ecumenical Temple.
  5008 | Temple   | Entered the Ecumenical Temple
  5025 | Temple   | Became a worshipper of Jiyva Junothru the Shapeless
  5062 | D:4      | Found an iron altar of Okawaru.
  5405 | D:5      | Entered Level 5 of the Dungeon
  5451 | D:5      | HP: 13/55 [killer bee (7)]
  5460 | D:5      | HP: 9/55 [killer bee (1)]
  5462 | D:5      | HP: 4/55 [poisoned by a killer bee]
  5466 | D:5      | HP: 1/55 [poisoned by a killer bee]
  5466 | D:5      | Slain by a killer bee

Vanquished Creatures
  Sigmund (D:2)
  A kobold brigand (D:3)
  2 killer bees (D:5)
  2 orc priests (D:3)
  A jelly (D:4)
  A bullfrog skeleton (D:4)
  Jessica (D:2)
  An orc wizard (D:3)
  Robin (D:2)
  An adder (D:4)
  An adder skeleton (D:4)
  2 worms
  2 dart slugs
  9 orcs (D:4)
  3 endoplasms
  3 giant cockroaches (D:2)
  20 goblins
  6 hobgoblins (D:2)
  8 jackals
  5 quokkas
  7 ball pythons
  5 bats
  2 frilled lizards
  8 kobolds
  7 rats
100 creatures vanquished.

Vanquished Creatures (collateral kills)
  A worm (D:4)
1 creature vanquished.

Grand Total: 101 creatures vanquished

Table legend:
 A = Non-vault XP
 B = Vault XP
 C = Vault XP percentage of total XP
 D = Non-vault monster count
 E = Vault monster count
 F = Vault count percentage of total count
                 A         B        C        D         E       F
            +---------+---------+-------+---------+---------+-------
      Total |     579 |     311 |  34.9 |      80 |      21 |  20.8
            +---------+---------+-------+---------+---------+-------
        D:1 |      38 |       5 |  11.6 |      22 |       3 |  12.0
        D:2 |      30 |     306 |  91.1 |      18 |      18 |  50.0
        D:3 |     237 |       0 |   0.0 |      13 |       0 |   0.0
        D:4 |     150 |       0 |   0.0 |      25 |       0 |   0.0
        D:5 |     124 |       0 |   0.0 |       2 |       0 |   0.0
            +---------+---------+-------+---------+---------+-------

Illustrated notes

Table legend:
 A = Kills in this place as a percentage of kills in entire the game.
 B = Kills by you in this place as a percentage of kills by you in the entire game.
 C = Kills by friends in this place as a percentage of kills by friends in the entire game.
 D = Other kills in this place as a percentage of other kills in the entire game.
 E = Experience gained in this place as a percentage of experience gained in the entire game.
 F = Experience gained in this place divided by the number of levels of this place that you have seen.
                   A       B       C       D       E      F
               +-------+-------+-------+-------+-------+----------------------
         Total | 100.0 | 100.0 | 100.0 |   N/A | 100.0 | 148.3
       Dungeon | 100.0 | 100.0 | 100.0 |   N/A | 100.0 | 178.0
               +-------+-------+-------+-------+-------+----------------------

Table legend: (Time is in decaauts)
 A = Elapsed time spent in this place.
 B = Non-inter-level travel time spent in this place.
 C = Inter-level travel time spent in this place.
 D = Time resting spent in this place.
 E = Time spent auto-exploring this place.
 F = Levels seen in this place.
 G = Mean time per level.
                   A        B        C        D        E       F      G
               +--------+--------+--------+--------+--------+-----+--------+
         Total |   5584 |   5232 |    352 |    260 |   4158 |   6 |  930.7 |
       Dungeon |   5554 |   5213 |    341 |    260 |   4150 |   5 | 1110.8 |
        Temple |     29 |     18 |     11 |      0 |      8 |   1 |   29.0 |
               +--------+--------+--------+--------+--------+-----+--------+

Top non-repeatable levels by time:
     D:2: 1894 daAuts
     D:1: 1436 daAuts
     D:4: 1222 daAuts
     D:3: 930 daAuts
     D:5: 70 daAuts
  Temple: 29 daAuts
